Map: Lightshade LE

Players

Gapy

  • Race: Protoss Protoss

WitchCraft - Winner!

  • Race: Terran Terran
  • League: Bronze

VOD

Have the link to the VOD?

Description

Time

  • Played on: Aug. 5, 2021, 4:37 a.m.
  • Length: 8:12
Show
View Real Time Build Order
Export as new Build Order

Gapy Protoss 

Build Orders: 1 Gate Expand 

Get SALT Encoding   

  12  0:00  Probe  
  13  0:12  Probe  
  14  0:21  Pylon  
  14  0:24  Probe  
  15  0:39  Probe (Chrono Boost)  
  16  0:44  Gateway  
  16  0:51  Probe (Chrono Boost)  
  16  0:54  Assimilator  
  17  0:59  Probe (Chrono Boost)  
  18  1:14  Probe  
  19  1:26  Probe  
  20  1:35  Cybernetics Core  
  20  1:42  Nexus  
  20  1:44  Probe  
  21  1:59  Assimilator  
  22  2:04  Pylon  
  22  2:15  Stalker (Chrono Boost)  
  22  2:18  Warp Gate  
  22  2:22  Probe  
  24  2:32  Robotics Facility  
  24  2:34  Probe  
  25  2:40  Zealot  
  27  2:46  Probe  
  28  2:55  Probe  
  29  2:59  Probe  
  30  3:10  Probe  
  31  3:15  Stalker  
  33  3:20  Probe, Immortal (Chrono Boost)  
  33  3:22  Probe  
  39  3:33  Probe  
  40  3:34  Probe  
  41  3:45  Pylon  
  41  3:48  Probe x2  
  43  3:50  Assimilator  
  43  3:53  Observer  
  44  4:00  Probe x2  
  46  4:09  Robotics Facility  
  46  4:15  Probe, Gateway  
  47  4:20  Zealot  
  49  4:32  Probe x2  
  51  4:41  Gateway x2  
  51  4:43  Observer (Chrono Boost)  
  52  4:54  Pylon  
  52  4:59  Probe x2  
  54  5:03  Assimilator  
  54  5:07  Pylon  
  54  5:10  Pylon  
  54  5:12  Probe x2  
  60  5:19  Immortal (Chrono Boost)  
  64  5:30  Pylon  
  64  5:32  Robotics Bay  
  64  5:34  Warp Prism (Chrono Boost)  
  62  5:59  Observer (Chrono Boost)  
  67  6:06  Probe x2  
  67  6:09  Immortal (Chrono Boost)  
  69  6:17  Extended Thermal Lance (Chrono Boost)  
  69  6:22  Probe x2  
  69  6:24  Immortal (Chrono Boost)  
  75  6:30  Zealot x2  
  79  6:34  Probe  
  79  6:35  Probe  
  81  6:41  Gateway x2  
  81  6:43  Gateway  
  81  6:44  Gateway  
  81  6:45  Twilight Council  
  81  6:46  Probe  
  83  6:47  Probe  
  83  6:49  Zealot  
  85  6:58  Pylon  
  85  7:13  Pylon  
  85  7:15  Colossus  
  85  7:16  Nexus  
  85  7:17  Pylon  
  85  7:18  Zealot, Pylon  
  88  7:45  Shield Battery  
  88  7:47  Shield Battery  
  88  7:48  Shield Battery  
  72  7:54  Zealot x4  
  72  7:55  Zealot x4  
Show
View Real Time Build Order
Export as new Build Order

WitchCraft Terran - Winner!

Build Orders:  

Get SALT Encoding   

  12  0:00  SCV  
  13  0:15  Supply Depot  
  13  0:18  SCV  
  14  0:30  SCV  
  15  0:39  Barracks  
  15  0:44  SCV  
  16  0:52  Supply Depot  
  16  0:56  SCV  
  17  1:03  Refinery  
  17  1:05  Refinery  
  17  1:14  SCV  
  18  1:32  Orbital Command  
  18  1:33  Marine  
  19  2:02  Barracks Tech Lab, SCV  
  20  2:14  Barracks  
  20  2:18  SCV  
  21  2:23  Stimpack  
  21  2:24  Marine  
  22  2:30  SCV  
  23  2:39  Command Center  
  23  2:42  SCV  
  24  2:46  Marine  
  25  2:58  Factory  
  25  2:59  SCV  
  25  3:01  Marine  
  27  3:14  Engineering Bay  
  27  3:17  SCV  
  28  3:22  Marauder  
  30  3:29  Supply Depot  
  30  3:34  Marine  
  30  3:42  Terran Infantry Weapons Level 1  
  30  3:50  Widow Mine, Supply Depot  
  32  4:02  Marine, Combat Shield  
  33  4:04  Marauder  
  33  4:08  SCV  
  36  4:13  Widow Mine  
  38  4:20  Marine  
  39  4:24  SCV  
  39  4:27  Marine  
  39  4:31  Orbital Command  
  41  4:41  SCV  
  41  4:43  Marine  
  45  4:45  Marauder  
  45  4:47  Refinery, Factory Tech Lab  
  45  4:53  SCV  
  45  4:54  Starport  
  46  5:00  SCV  
  46  5:01  Marine  
  48  5:08  Siege Tank  
  51  5:16  Marauder, Supply Depot  
  51  5:21  Concussive Shells, SCV x2  
  55  5:28  Supply Depot  
  55  5:32  Marine  
  55  5:33  Starport Reactor  
  56  5:40  Siege Tank  
  56  5:41  SCV  
  56  5:42  SCV  
  61  5:47  Marauder  
  63  5:56  Marine  
  64  6:01  Missile Turret  
  64  6:07  SCV  
  65  6:11  Medivac x2  
  65  6:15  SCV  
  70  6:19  SCV  
  71  6:30  Marauder  
  73  6:35  Supply Depot  
  73  6:36  Supply Depot  
  73  6:37  Marine  
  74  6:41  Medivac x2  
  78  6:56  Marauder, Marine  
  81  7:04  Siege Tank  
  84  7:11  Medivac x2  
  84  7:14  Marine  
  89  7:18  Marauder  
  87  7:44  Marine x2  
Tags
 
Add a new tag
Caveats
  • Supply blocks, unpowered buildings, or Contaminate may cause inaccurate times.
  • Supply counts are checked every 10 seconds.